 Dungeon Crawl Stone Soup version 0.32-a0-913-g739538afd8 (webtiles) character file.

Game seed: 4004466037057247533

61434 shadizar the Thaumaturge (level 15, -7/111 HPs)
             Began as a Djinni Conjurer on Apr 7, 2024.
             Was the Champion of Makhleb.
             Killed from afar by an acid dragon (21 damage)
             ... with a splash of acid
             ... on level 11 of the Dungeon.
             The game lasted 00:30:39 (19597 turns).

shadizar the Thaumaturge (Djinni Conjurer)         Turns: 19597, Time: 00:30:40

Health: -7/111     AC: 11    Str: 15    XL:     15   Next: 42%
Gold:   48         EV: 15    Int: 27    God:    Makhleb [******] SH:  0 Dex: 12

rFire   + + +        k - staff of air
rCold   . . .        (no shield)
rNeg    + + .        C - +1 leather armour of Zaeruludob {Rampage rC+ rN+}
rPois   ∞            l - +0 helmet
rElec   +            d - +0 cloak
rCorr   .            I - +2 pair of gloves {Str+3}
SInv    .            (boots unavailable)
Will    ++...        F - macabre finger necklace {Finger+ rN+}
Stlth   +++          f - ring of willpower
HPRegen 0.38/turn    c - +6 ring of strength
                     y - ring of protection from fire

%: rampage, infuse magic (-8 HP)
@: flying, studying Shields
A: sickness immunity, fire resistance 2, cold vulnerability 1, float, innate
caster, HP casting, extra vitality 1
a: Renounce Religion, Minor Destruction, Lesser Servant of Makhleb, Major
Destruction, Greater Servant of Makhleb


You were on level 11 of the Dungeon.
You worshipped Makhleb.
Makhleb was exalted by your worship.
You visited 3 branches of the dungeon, and saw 17 of its levels.

You collected 1688 gold pieces.
You spent 1640 gold pieces at shops.

Inventory:

Armour
 b - +0 steam dragon scales
 d - a +0 cloak (worn)
 l - a +0 helmet (worn)
 C - the +1 leather armour of Zaeruludob (worn) {Rampage rC+ rN+}
   (You found it on level 2 of the Lair of Beasts)

   rC+:       It protects you from cold.
   rN+:       It protects you from negative energy.
   Rampage:   It bestows one free step when moving towards enemies.
 H - a +0 chain mail of willpower
 I - a +2 pair of gloves of strength (worn)
Magical Staves
 k - a staff of air (weapon)
 m - a staff of fire
Jewellery
 c - a +6 ring of strength (right hand)
 f - a ring of willpower (left hand)
 y - a ring of protection from fire (on amulet)
 F - the macabre finger necklace (around neck) {Finger+ rN+}
   (You bought it in a shop on level 11 of the Dungeon)

   [amulet of nothing]

   Finger+:   It enables you to equip an extra ring.
   rN+:       It protects you from negative energy.
Talismans
 r - the serpent talisman "Lainluent" {rElec Slay+2}
   (You found it on level 5 of the Lair of Beasts)

   [serpent talisman]

   Slay+2:    It affects your accuracy & damage with ranged weapons and melee
   (+2).
   rElec:     It insulates you from electricity.
Wands
 a - a wand of charming (11)
 q - a wand of flame (9)
 s - a wand of iceblast (8)
 w - a wand of digging (2)
Scrolls
 h - 5 scrolls of teleportation
 o - 4 scrolls of enchant armour
 u - 3 scrolls of enchant weapon
 v - 7 scrolls of identify
 A - a scroll of fear
 D - a scroll of immolation
 G - a scroll of brand weapon
 J - a scroll of revelation
Potions
 e - 6 potions of haste
 g - 6 potions of ambrosia
 i - 6 potions of heal wounds
 j - a potion of brilliance
 n - 4 potions of invisibility
 p - 4 potions of curing
 x - 2 potions of might
 z - 3 potions of enlightenment
 B - a potion of cancellation
 E - 3 potions of lignification
Miscellaneous
 t - a box of beasts


   Skills:
 + Level 11.4 Fighting
 + Level 9.8 Armour
 + Level 11.9 Dodging
 - Level 7.0 Stealth
 + Level 3.8 Shields
 * Level 13.9 Spellcasting
 * Level 13.9 Conjurations
 * Level 13.9 Hexes
   Level 0.0 Charms
 * Level 13.9 Summonings
 * Level 13.9 Necromancy
 * Level 13.9 Translocations
   Level 0.0 Transmutations
 * Level 13.9 Fire Magic
 * Level 13.9 Ice Magic
 * Level 13.9 Air Magic
 * Level 13.9 Earth Magic
 * Level 13.9 Alchemy


You knew the following spells:

 Your Spells              Type           Power      Damage    Failure   Level
a - Magic Dart            Conj           100%       1d8       0%          1
b - Searing Ray           Conj           100%       2d8       0%          2
c - Fulminant Prism       Conj/Alch      38%        3d17      1%          4
d - Iskenderun's Mystic   Conj/Tloc      76%        2d15      (+2d81%     4
e - Kiss of Death         Conj/Necr      100%       2d13      0%          1
f - Momentum Strike       Conj/Tloc      100%       3d10      0%          2
g - Frozen Ramparts       Ice            100%       1d16      1%          3
h - Stone Arrow           Conj/Erth      100%       3d13      1%          3
i - Animate Armour        Summ/Erth      100%       N/A       1%          4
j - Lee's Rapid Deconstr  Erth           38%        3d19*     1%          5
k - Starburst             Conj/Fire      38%        6d11      1%          6
Your spell library was empty.

Dungeon Overview and Level Annotations

Branches:
Dungeon (11/15)            Temple (1/1) D:7            Lair (5/5) D:9
 Shoals (0/4) Lair:3       Spider (0/4) Lair:3        Slime (0/5) Lair:5
    Orc (0/2) D:10

Altars:
Ashenzari
Cheibriados
Dithmenos
Elyvilon
Fedhas
Gozag
Hepliaklqana
Makhleb
Nemelex Xobeh
Okawaru
Qazlal
Ru
Trog
Uskayaw
Wu Jian
Xom
Yredelemnul
Zin
The Shining One
Jiyva

Shops:
D:6 *:   D:11 =

Annotations:
D:7 1 runed translucent door, Crazy Yiuf
D:10 1 runed translucent door, FireVortex's ghost, journeyman CoBr
Lair:1 2 transporters
Lair:3 3 runed translucent doors, zyxw121's ghost, journeyman KoBr


Innate Abilities, Weirdness & Mutations

You are immune to sickness and miasma.
You are immune to poison.
Your flesh is very heat resistant. (rF++)
You are vulnerable to cold. (rC-)
You float through the air rather than walking.
You learn spells naturally, not from books.
Your magical power is your life essence.
You have superior vitality. (+4 MHP)


Message History

Unknown command.
Unknown command.
Casting: Iskenderun's Mystic Blast (safe; 1% risk of failure)
Confirm with . or Enter, or press ? or * to list all spells.
Aiming: Stone Arrow (safe; 1% risk of failure)
Press: ? - help, Shift-Dir - straight line, f - centaur warrior
Aim: a centaur warrior, wielding a +0 shortbow and quivering stones (severely wounded, 84% to hit)
The stone arrow hits the centaur warrior!!
You kill the centaur warrior!
Makhleb accepts your kill.
* * * LOW HITPOINT WARNING * * *
A gargoyle comes into view. It is wielding a +0 mace.
Unknown command.
Unknown command.
Unknown command.
An acid dragon comes into view.
The acid dragon attacks as it pursues you!
The acid dragon bites you.
* * * LOW HITPOINT WARNING * * *
The acid dragon barely misses you.
Casting: Stone Arrow (safe; 1% risk of failure)
Confirm with . or Enter, or press ? or * to list all spells.
You erupt in a blast of force!
The mystic blast hits the acid dragon!
The acid dragon is heavily wounded.
The acid dragon is knocked back by the mystic blast.
* * * LOW HITPOINT WARNING * * *
A cyclops comes into view.
Unknown command.
Unknown command.
Unknown command.
Unknown command.
Unknown command.
Unknown command.
Unknown command.
The gargoyle hurls a stone arrow at you.
The stone arrow hits you!
* * * LOW HITPOINT WARNING * * *
The acid dragon spits acid at you. The splash of acid hits you!!
You die...

############### #
###.........%...#
#.#...#########.#.# ###.#.#.#
######.#.####
......#.####...........########
..........).D....(............#
.#####.#####9###@.#.##..#####.
#?##..# #.# #..#.##..# #..#.#
#.# #..#.##..#
#g..#9.C......#.##..#########
#$#)#.###.###....#.<.........#
#.c#..# #.# #....#...#######.#
# # # # #.# #.........######.#
##. #................. #
.........######.#


You could see an acid dragon (catching breath).

Vanquished Creatures
  Rupert (Lair:4)
  Harold (D:9)
  An ice dragon (Lair:5)
  4 hydras
  3 centaur warriors (D:11)
  4 boulder beetles
  4 two-headed ogres
  A hell hog (Lair:5)
  2 skysharks
  3 fire crabs
  A lindwurm (Lair:5)
  A deep elf pyromancer (D:8)
  2 ugly things (D:11)
  Maurice (D:10)
  3 meliai (Lair:4)
  8 elephants
  2 black mambas
  A cyclops (Lair:3)
  5 torpor snails (Lair:5)
  19 cane toads
  A kobold demonologist (D:11)
  6 komodo dragons
  A rime drake (Lair:5)
  4 tyrant leeches (Lair:5)
  A queen bee (Lair:4)
  2 trolls
  A raiju (Lair:5)
  7 hornets
  Prince Ribbit (D:6)
  19 blink frogs
  2 jumping spiders (Lair:3)
  12 polar bears
  A dream sheep (Lair:5)
  42 yaks
  3 wyverns
  2 vampires (D:11)
  A shadow (D:11)
  A wraith (D:11)
  7 wargs (Lair:5)
  16 steam dragons
  2 basilisks
  A redback (Lair:3)
  Menkaure (D:6)
  2 acid dragons
  10 water moccasins
  13 hell hounds (Lair:5)
  2 ice beasts
  Duvessa (D:5)
  2 sky beasts
  11 black bears (Lair:5)
  An ogre (D:7)
  3 centaurs
  A phantom (D:5)
  32 wolves
  A kobold brigand (D:10)
  17 bullfrogs
  A gnoll sergeant (D:11)
  2 scorpions
  5 wights (D:8)
  Dowan (D:5)
  24 killer bees
  8 howler monkeys
  3 hounds
  5 bombardier beetles
  4 jellies
  A sleepcap (D:8)
  2 orc priests
  Jessica (D:2)
  7 orc wizards
  Natasha (D:4)
  3 iguanas
  4 gnolls (D:5)
  5 adders
  A shadow imp (D:8)
  3 white imps
  2 ufetubi (D:6)
  2 dart slugs
  A ribbon worm (D:4)
  25 orcs
  7 ball pythons
  6 bats
  3 endoplasms
  4 giant cockroaches
  5 goblins
  6 hobgoblins
  4 jackals (D:5)
  3 quokkas
  4 frilled lizards (D:2)
  9 kobolds
  7 rats
466 creatures vanquished.

Vanquished Creatures (others)
  A rime drake (Lair:2)
  51 fulminant prisms
52 creatures vanquished.

Grand Total: 518 creatures vanquished

Notes
Turn   | Place    | Note
-------+----------+-------------------------------------------
     0 | D:1      | shadizar the Djinni Conjurer began the quest for the Orb.
     0 | D:1      | shadizar set off with the following spells memorised: Magic
                  | Dart, Searing Ray, Fulminant Prism, Iskenderun's Mystic
                  | Blast.
     0 | D:1      | Reached XP level 1. HP: 15/15 MP: 0/0
   212 | D:1      | Reached XP level 2. HP: 20/21 MP: 0/0
   577 | D:2      | Noticed Jessica
   584 | D:2      | Killed Jessica
   585 | D:2      | Reached XP level 3. HP: 19/25 MP: 0/0
   585 | D:2      | Learned a level 1 spell: Kiss of Death
   738 | D:2      | Reached XP level 4. HP: 30/31 MP: 0/0
  1176 | D:3      | Reached skill level 5 in Spellcasting
  1176 | D:3      | Reached skill level 5 in Conjurations
  1176 | D:3      | Reached skill level 5 in Hexes
  1176 | D:3      | Reached skill level 5 in Summonings
  1176 | D:3      | Reached skill level 5 in Necromancy
  1176 | D:3      | Reached skill level 5 in Translocations
  1176 | D:3      | Reached skill level 5 in Fire Magic
  1176 | D:3      | Reached skill level 5 in Ice Magic
  1176 | D:3      | Reached skill level 5 in Air Magic
  1176 | D:3      | Reached skill level 5 in Earth Magic
  1176 | D:3      | Reached skill level 5 in Alchemy
  1176 | D:3      | Reached XP level 5. HP: 17/35 MP: 0/0
  1176 | D:3      | Learned a level 2 spell: Momentum Strike
  1334 | D:3      | Found a stormy altar of Qazlal.
  1854 | D:4      | Reached XP level 6. HP: 36/40 MP: 0/0
  2734 | D:4      | Reached XP level 7. HP: 41/45 MP: 0/0
  2734 | D:4      | Learned a level 3 spell: Frozen Ramparts
  2807 | D:4      | Noticed Natasha
  2810 | D:4      | Killed Natasha
  2934 | D:5      | Entered Level 5 of the Dungeon
  3078 | D:5      | Found an iron altar of Okawaru.
  3492 | D:5      | Noticed Duvessa
  3494 | D:5      | Noticed Dowan
  3498 | D:5      | Killed Duvessa
  3501 | D:5      | Killed Dowan
  3502 | D:5      | Reached skill level 1 in Fighting
  3502 | D:5      | Reached skill level 1 in Armour
  3502 | D:5      | Reached XP level 8. HP: 30/52 MP: 0/0
  3758 | D:5      | Found a glowing silver altar of Zin.
  3758 | D:5      | Found an ornate altar of the Wu Jian Council.
  3758 | D:5      | Found an opulent altar of Gozag.
  4024 | D:5      | Found a glowing golden altar of the Shining One.
  4495 | D:6      | Noticed Menkaure
  4508 | D:6      | Found Kotismoi's General Store.
  4673 | D:6      | Killed Menkaure
  4853 | D:6      | Found Qanwoh's Book Boutique.
  5005 | D:6      | Noticed Prince Ribbit
  5010 | D:6      | Killed Prince Ribbit
  5011 | D:6      | Reached XP level 9. HP: 48/61 MP: 0/0
  5011 | D:6      | Learned a level 3 spell: Stone Arrow
  5476 | D:7      | Found a staircase to the Ecumenical Temple.
  5517 | Temple   | Entered the Ecumenical Temple
  5532 | Temple   | Became a worshipper of Makhleb the Destroyer
  5619 | D:7      | Reached skill level 5 in Dodging
  5919 | D:7      | Found a runed translucent door.
  5920 | D:7      | Noticed Crazy Yiuf
  6343 | D:7      | Identified the +4 long sword of Duty {freeze, +Blink
                  | Stlth+}
  6736 | D:8      | Reached * piety under Makhleb
  6748 | D:8      | Reached XP level 10. HP: 44/69 MP: 0/0
  7711 | D:8      | Found a hazy altar of Hepliaklqana.
  7906 | D:8      | Noticed a deep elf pyromancer
  7916 | D:8      | Killed a deep elf pyromancer
  7917 | D:8      | Reached skill level 5 in Fighting
  7917 | D:8      | Reached skill level 5 in Armour
  8376 | D:9      | Found a shimmering altar of Xom.
  8393 | D:9      | Noticed Harold
  8411 | D:9      | Killed Harold
  8594 | D:9      | Reached skill level 5 in Stealth
  9053 | D:9      | Found a staircase to the Lair.
  9055 | D:9      | Noticed a komodo dragon
  9073 | D:9      | Killed a komodo dragon
  9074 | D:9      | Reached XP level 11. HP: 53/76 MP: 0/0
  9074 | D:9      | Learned a level 4 spell: Animate Armour
  9318 | Lair:1   | Entered Level 1 of the Lair of Beasts
  9341 | Lair:1   | Noticed a boulder beetle
  9355 | Lair:1   | Killed a boulder beetle
 10392 | Lair:1   | Found a transporter.
 10392 | Lair:1   | Noticed a boulder beetle
 10393 | Lair:1   | Found a transporter.
 10393 | Lair:1   | Noticed a boulder beetle
 10660 | Lair:2   | Reached skill level 10 in Spellcasting
 10660 | Lair:2   | Reached skill level 10 in Conjurations
 10660 | Lair:2   | Reached skill level 10 in Hexes
 10660 | Lair:2   | Reached skill level 10 in Summonings
 10660 | Lair:2   | Reached skill level 10 in Necromancy
 10660 | Lair:2   | Reached skill level 10 in Translocations
 10660 | Lair:2   | Reached skill level 10 in Fire Magic
 10660 | Lair:2   | Reached skill level 10 in Ice Magic
 10660 | Lair:2   | Reached skill level 10 in Air Magic
 10660 | Lair:2   | Reached skill level 10 in Earth Magic
 10660 | Lair:2   | Reached skill level 10 in Alchemy
 10754 | Lair:2   | Reached ** piety under Makhleb
 10761 | Lair:2   | Reached XP level 12. HP: 69/85 MP: 0/0
 11044 | Lair:2   | Identified the +0 hand axe of Hell's Wrath {flame, rN+++
                  | Int-3 Dex+4}
 11298 | Lair:2   | Noticed an eight-headed hydra
 11305 | Lair:2   | Killed an eight-headed hydra
 12087 | Lair:2   | Identified the +8 rapier "Utemp" {antimagic, rCorr Int+2}
 12131 | Lair:2   | Identified the +1 leather armour of Zaeruludob {Rampage rC+
                  | rN+}
 12915 | Lair:3   | Found a hole to the Spider Nest.
 13011 | Lair:3   | Reached XP level 13. HP: 68/94 MP: 0/0
 13011 | Lair:3   | Learned a level 5 spell: Lee's Rapid Deconstruction
 13017 | Lair:3   | Reached *** piety under Makhleb
 13454 | Lair:3   | Found a runed translucent gate.
 13455 | Lair:3   | Found a runed translucent gate.
 13456 | Lair:3   | Found a runed translucent gate.
 13457 | Lair:3   | Noticed zyxw121's ghost (journeyman KoBr)
 13458 | Lair:3   | Noticed an eight-headed hydra
 13466 | Lair:3   | Found an opulent altar of Gozag.
 14228 | Lair:3   | Found a staircase to the Shoals.
 14541 | Lair:4   | Reached skill level 10 in Dodging
 14622 | Lair:4   | Noticed a six-headed hydra
 14642 | Lair:4   | Killed a six-headed hydra
 14821 | Lair:4   | Reached **** piety under Makhleb
 14834 | Lair:4   | Reached skill level 10 in Fighting
 14981 | Lair:4   | Reached XP level 14. HP: 57/103 MP: 0/0
 15505 | Lair:4   | Noticed Rupert
 15519 | Lair:4   | Killed Rupert
 15889 | Lair:5   | Entered Level 5 of the Lair of Beasts
 15913 | Lair:5   | Reached ***** piety under Makhleb
 17734 | Lair:5   | Found a viscous altar of Jiyva.
 17735 | Lair:5   | Found a staircase to the Slime Pits.
 18268 | Lair:5   | Reached XP level 15. HP: 102/110 MP: 0/0
 18268 | Lair:5   | Learned a level 6 spell: Starburst
 18314 | Lair:5   | Identified the serpent talisman "Lainluent" {rElec Slay+2}
 18621 | D:6      | Bought a manual of Shields for 1120 gold pieces
 18682 | D:10     | Entered Level 10 of the Dungeon
 18710 | D:10     | Noticed Maurice
 18716 | D:10     | Killed Maurice
 18733 | D:10     | Reached skill level 1 in Shields
 18995 | D:10     | Found a runed translucent door.
 19002 | D:10     | Noticed FireVortex's ghost (journeyman CoBr)
 19135 | D:10     | Found a staircase to the Orcish Mines.
 19246 | D:11     | Found Reum Jia's Jewellery Shoppe.
 19254 | D:11     | Bought the macabre finger necklace {Finger+ rN+} for 520
                  | gold pieces
 19254 | D:11     | Found the macabre finger necklace {Finger+ rN+}
 19560 | D:11     | Reached ****** piety under Makhleb
 19581 | D:11     | HP: 4/111 [centaur warrior/arrow (20)]
 19597 | D:11     | Killed from afar by an acid dragon

Illustrated notes

Levels and vault maps discovered:
D:1:      psy_arrival_heroes, layout_basic
D:2:      layout_rooms, uniq_jessica
D:3:      layout_loops_ring, nicolae_qazlal_general_emergency,
          columned_hall_lemuel
D:4:      layout_basic, uniq_natasha
D:5:      layout_layer_cave, mainiacjoe_overflow_small_starburst,
          gammafunk_temple_overflow_claw, mainiacjoe_overflow_alcove_4,
          uniq_duvessa
D:6:      layout_cave_pools, serial_shops, nicolae_book_shop_shelving, shop,
          chequers_serial_rivers_micro_b, uniq_prince_ribbit1, uniq_menkaure
D:7:      layout_layer_cave, minmay_temple_entry_junction_2,
          uniq_crazy_yiuf_cottage
D:8:      layout_layer_cave, nicolae_overflow_crystal_walls,
          guppyfry_early_elven_hall
D:9:      layout_cave_pools, lemuel_doored_altar, overflow_temple_1_default,
          david_lair_shrubbed, uniq_harold
D:10:     layout_roguey, overflow_temple_1_default, orc_0_dummy,
          hellmonk_ghost_big_iron, uniq_maurice
D:11:     minmay_the_grid_square_5x5_4x4 [minmay_the_grid_square_5x5_shuriken,
          minmay_the_grid_square_5x5_eight_small,
          minmay_the_grid_square_5x5_hourglass,
          minmay_the_grid_square_5x5_three_walls,
          minmay_the_grid_square_5x5_six,
          minmay_the_grid_square_5x5_prize_monsterx,
          minmay_the_grid_square_5x5_prize_rear_guard,
          minmay_the_grid_square_5x5_gyroscope,
          minmay_the_grid_square_5x5_shrine1,
          minmay_the_grid_square_5x5_prize_open,
          minmay_the_grid_square_5x5_prize_open,
          minmay_the_grid_square_5x5_minimal, minmay_the_grid_square_5x5_v,
          minmay_the_grid_square_5x5_c, minmay_the_grid_square_5x5_corner,
          minmay_the_grid_square_5x5_plus], layout_loops_ring, serial_shops,
          shop
Temple:   nicolae_temple_slightly_damp_pantheon
Lair:1:   gammafunk_boulding_lane, layout_regular_city,
          infiniplex_staircase_pool, grunt_megastairs_3
Lair:2:   layout_big_grid, bobbens_dragon_lair_wall, lemuel_fruit_fields,
          infiniplex_staircase_pool_2, lemuel_fruit_fields
Lair:3:   layout_cellular_growth, mainiacjoe_shoals_entry_four_pools,
          spider_nest_entry_a, basic_altar, gammafunk_ghost_split
Lair:4:   layout_roguey [special_room_bee], uniq_rupert
Lair:5:   wormcave, layout_small_grid, hangedman_lair_caniforms_friends,
          dpeg_slime_entry_enclosed, st_stairs_7, grunt_megastairs_5

Skill      XL: |  1  2  3  4  5  6  7  8  9 10 11 12 13 14 15 |
---------------+----------------------------------------------+-----
Spellcasting   | 4 5 6 7 8 10 11 12 13 | 13.9
Conjurations   | 4 5 6 7 8 10 11 12 13 | 13.9
Hexes          | 4 5 6 7 8 10 11 12 13 | 13.9
Summonings     | 4 5 6 7 8 10 11 12 13 | 13.9
Necromancy     | 4 5 6 7 8 10 11 12 13 | 13.9
Translocations | 4 5 6 7 8 10 11 12 13 | 13.9
Fire Magic     | 4 5 6 7 8 10 11 12 13 | 13.9
Ice Magic      | 4 5 6 7 8 10 11 12 13 | 13.9
Air Magic      | 4 5 6 7 8 10 11 12 13 | 13.9
Earth Magic    | 4 5 6 7 8 10 11 12 13 | 13.9
Alchemy        | 4 5 6 7 8 10 11 12 13 | 13.9
Fighting       | 1 3 4 5 7 9 10 11 | 11.4
Armour         | 1 3 4 5 6 8 9 |  9.8
Stealth        | 2 3 4 5 6 7 |  7.0
Dodging        | 4 5 6 8 9 10 11 | 11.9
Shields        | 3 |  3.8

Action                     |  1- 3 |  4- 6 |  7- 9 | 10-12 | 13-15 || total
---------------------------+-------+-------+-------+-------+-------++-------
  Melee: Staff             |       |       |     1 |     1 |     6 ||     8
   Cast: Magic Dart        |    43 |   131 |   202 |    99 |   157 ||   632
         Searing Ray       |       |     1 |       |       |       ||     1
         Iskenderun's Myst |       |     3 |    49 |   134 |   259 ||   445
         Fulminant Prism   |       |       |     6 |    20 |    25 ||    51
         Stone Arrow       |       |       |       |    42 |   106 ||   148
         Lee's Rapid Decon |       |       |       |       |    14 ||    14
         Frozen Ramparts   |       |       |       |       |     2 ||     2
    Use: Scroll            |       |       |    16 |     5 |     3 ||    24
         Potion            |       |       |     1 |       |     2 ||     3
 Armour: Robe              |     1 |    12 |     8 |       |       ||    21
         Steam dragon scal |       |       |    11 |    33 |       ||    44
         Leather armour    |       |       |     1 |     6 |    75 ||    82
         Skin              |       |       |     1 |       |       ||     1
  Dodge: Dodged            |       |    12 |     9 |    36 |    77 ||   134

Table legend: (Time is in decaauts)
 A = Elapsed time spent in this place.
 B = Non-inter-level travel time spent in this place.
 C = Inter-level travel time spent in this place.
 D = Time resting spent in this place.
 E = Time spent auto-exploring this place.
 F = Levels seen in this place.
 G = Mean time per level.
                   A        B        C        D        E       F      G
               +--------+--------+--------+--------+--------+-----+--------+
         Total |  19629 |  18385 |   1244 |      0 |  15501 |  17 | 1154.6 |
       Dungeon |  11067 |  10198 |    869 |      0 |   8775 |  11 | 1006.1 |
        Temple |     35 |     22 |     13 |      0 |      0 |   1 |   35.0 |
          Lair |   8526 |   8165 |    361 |      0 |   6726 |   5 | 1705.2 |
               +--------+--------+--------+--------+--------+-----+--------+

Top non-repeatable levels by time:
  Lair:5: 2524 daAuts
  Lair:2: 1744 daAuts
     D:8: 1740 daAuts
     D:5: 1523 daAuts
  Lair:3: 1516 daAuts
  Lair:4: 1503 daAuts
     D:7: 1440 daAuts
     D:9: 1344 daAuts
  Lair:1: 1237 daAuts
     D:4: 1212 daAuts
     D:6: 893 daAuts
     D:3: 777 daAuts
     D:1: 678 daAuts
    D:10: 559 daAuts
     D:2: 543 daAuts
